 Dungeon Crawl Stone Soup version 0.30.0-5-g1a98f26d00 (webtiles) character file.

Game seed: 13172238062482563282

97943 dolemite99 the Carver (level 13, -13/93 (106) HPs)
             Began as a Demonspawn Necromancer on May 11, 2023.
             Was the Champion of Ru.
             Mangled by a broodmother (30 damage)
             ... on level 3 of the Lair of Beasts on May 12, 2023.
             The game lasted 01:27:27 (51459 turns).

dolemite99 the Carver (Demonspawn Necromancer)     Turns: 51459, Time: 01:27:28

HP:   -13/93 (106)  AC: 14    Str:  9      XL:     13   Next: 73%
MP:   0/23          EV: 13    Int: 19 (20) God:    Ru [******]
Gold: 308           SH: 11    Dex: 11 (13) Spells: 7/26 levels left

rFire   + . .        g - +2 scimitar (flame)
rCold   + . .        i - +2 buckler
rNeg    . . .        s - +2 ring mail {rF+}
rPois   +            X - +2 hat of the Baker {Rampage rCorr Stlth+}
rElec   .            v - +0 cloak
rCorr   +            T - +1 pair of gloves
SInv    .            (no boots)
Will    .....        C - amulet of reflection
Stlth   +++          f - ring of poison resistance
HPRegen 0.35/turn    e - ring of protection from cold
MPRegen 0.36/turn

%: reflection, guardian spirit, rampage
@: studying Unarmed Combat, heavily drained
A: clumsy 1, foul stench 2, magic shield, magic regeneration, no air magic, no
conjurations magic, no hexes magic, unskilled 1, inexperienced 2, sturdy frame
3, demonic touch 2, screaming 1
a: Renounce Religion, Draw Out Power, Power Leap, Apocalypse


You were on level 3 of the Lair of Beasts.
You worshipped Ru.
Ru was exalted by your worship.
You visited 4 branches of the dungeon, and saw 23 of its levels.
You also visited: Sewer.

You collected 2003 gold pieces.
You spent 1695 gold pieces at shops.

Inventory:

Hand Weapons
 a - a +5 demon blade of venom
 g - a +2 scimitar of flaming (weapon)
 r - a +4 vampiric dagger
 t - a +4 scimitar of electrocution
 N - the +4 flail "Ecay" {heavy, rPois rF+ rC+}
   (You found it on level 1 of the Lair of Beasts)

   rF:        It protects you from fire.
   rC:        It protects you from cold.
   rPois:     It protects you from poison.
Missiles
 w - 2 boomerangs
 J - 7 poisoned darts (quivered)
 K - 4 curare-tipped darts
 L - 5 silver javelins
Armour
 i - a +2 buckler (worn)
 s - a +2 ring mail of fire resistance (worn)
 v - a +0 cloak (worn)
 E - the +5 ring mail of Uskayaw's Regard {+Inv}
   (You found it on level 7 of the Dungeon)

   +Inv:      It lets you turn invisible.
 T - a +1 pair of gloves (worn)
 X - the +2 hat of the Baker (worn) {Rampage rCorr Stlth+}
   (You bought it in a shop on level 2 of the Orcish Mines)

   rCorr:     It protects you from acid and corrosion.
   Rampage:   It bestows one free step when moving towards enemies.
   Stlth:     It makes you more stealthy.
 Y - a +2 ring mail of cold resistance
Magical Staves
 b - the staff of death "Woiqoop" {rN+ Will+}
   (You acquired it on level 1 of the Spider Nest)

   [staff of death]

   Base accuracy: +5 Base damage: 5 Base attack delay: 1.2 This weapon's minimum
   attack delay (0.6) is reached at skill level 12.
   rN:        It protects you from negative energy.
   Will:      It increases your willpower.
   It falls into the 'Staves' category.
   It is a one-handed weapon.
Jewellery
 e - a ring of protection from cold (right hand)
 f - a ring of poison resistance (left hand)
 A - a +6 ring of dexterity
 C - an amulet of reflection (around neck)
 G - a ring of wizardry
 P - a ring of fire
 R - a ring of see invisible
Wands
 d - a wand of flame (3)
 y - a wand of polymorph (24)
 B - a wand of digging (3)
 D - a wand of paralysis (5)
Scrolls
 h - 5 scrolls of fog
 l - a scroll of magic mapping
 n - 7 scrolls of identify {@r1}
 o - 3 scrolls of silence
 p - 5 scrolls of teleportation
 x - 5 scrolls of vulnerability
 z - 2 scrolls of poison
 F - 4 scrolls of immolation
 M - a scroll of amnesia
 S - 2 scrolls of noise
 V - a scroll of enchant armour
Potions
 c - a potion of lignification
 j - 3 potions of curing
 k - 9 potions of flight
 q - 2 potions of attraction
 u - 3 potions of brilliance
 H - a potion of resistance
 I - a potion of ambrosia
 O - a potion of cancellation
Miscellaneous
 Q - a condenser vane (inert)
 Z - a phial of floods


   Skills:
 - Level 11.0 Fighting
 - Level 11.3 Long Blades
 + Level 6.8 Throwing
 - Level 7.0 Armour
 - Level 7.0 Dodging
 - Level 3.4 Stealth
 - Level 3.8 Shields
 - Level 7.0 Spellcasting
 - Level 9.0 Necromancy
 - Level 5.5 Transmutations
 + Level 6.9 Earth Magic
 - Level 6.7 Evocations


You had 7 spell levels left.
You knew the following spells:

 Your Spells              Type           Power      Damage    Failure   Level
a - Wereblood             Tmut           27%        N/A       2%          2
b - Vampiric Draining     Necr           40%        2d8       1%          3
c - Call Canine Familiar  Summ           6%         N/A       41%         3
d - Animate Dead          Necr           40%        N/A       3%          4
e - Sublimation of Blood  Necr           40%        N/A       1%          2
z - Borgnjor's Vile Clut  Necr/Erth      18%        N/A       16%         5

Your spell library contained the following spells:

 Spells                   Type           Power      Damage    Failure   Level
 Necrotise                Necr           100%       1d9       1%          1
 Agony                    Necr           40%        N/A       10%         5
 Summon Small Mammal      Summ           24%        N/A       14%         1
 Spider Form              Tmut/Pois      17%        N/A       14%         3
 Call Imp                 Summ           12%        N/A       22%         2
 Death Channel            Necr           20%        N/A       50%         6
 Dragon Form              Tmut           13%        N/A       100%        7
 Summon Hydra             Summ           3%         N/A       100%        7
 Dragon's Call            Summ           3%         N/A       100%        9
 Magic Dart               Conj           Unusable   1d4       N/A         1
 Ensorcelled Hibernation  Hex/Ice        Unusable   N/A       N/A         2
 Anguish                  Hex/Necr       Unusable   N/A       N/A         4
 Mephitic Cloud           Conj/Pois/Air  Unusable   N/A       N/A         3
 Summon Guardian Golem    Hex/Summ       Unusable   N/A       N/A         3
 Cause Fear               Hex            Unusable   N/A       N/A         4

Dungeon Overview and Level Annotations

Branches:
Dungeon (15/15)            Temple (0/1) D:6            Lair (5/5) D:10
 Shoals (0/4) Lair:2       Spider (1/4) Lair:3          Orc (2/2) D:10
    Elf (0/3) Orc:2        Vaults (0/5) D:14         Depths (0/4) D:15
  Sewer (visited)
  Slime: Lair:4-5

Altars:
Ashenzari
Cheibriados
Fedhas
Gozag
Makhleb
Ru
Sif Muna
Uskayaw
Vehumet
Jiyva

Shops:
D:1 !   D:10 (   Orc:2 [[::

Annotations:
D:14 Roxanne
Lair:4 exclusion: oklob plant
Lair:5 3 runed translucent doors, Jackthecabe's ghost, journeyman MeEE
Spider:1 1 runed translucent door


Innate Abilities, Weirdness & Mutations

You are clumsy. (Dex -2)
You sometimes emit foul miasma when damaged in melee.
When hurt, damage is shared between your health and your magic reserves.
You regenerate magic rapidly.
You cannot study or cast Air magic.
You cannot study or cast Conjurations magic.
You cannot study or cast Hexes magic.
You are somewhat unskilled. (-1 Apt)
You are inexperienced. (-2 XL)
Your movements are significantly less encumbered by armour. (ER -6)
Your touch may inflict irresistible damage on your foes.
You occasionally shout uncontrollably at your foes.


Message History

Something stings you!
You focus your inner power and illuminate something in retribution!
The ghost moth attacks as you move away!
The ghost moth is stunned by your conviction and fails to attack.
The ghost moth is engulfed in dark miasma.
Okay, then.
You feel better.
The broodmother is stunned by your conviction and fails to attack.
The ghost moth stares at the broodmother.
You feel your power leaking away.
Okay, then.
You slice the broodmother!! You burn the broodmother.
The broodmother is severely wounded.
The ghost moth stops glowing and disappears.
The broodmother begins to attack, but is stunned by your conviction!
You feel you are being watched by something.
You block the broodmother's attack.
You hit the broodmother but do no damage.
The broodmother is severely wounded.
The broodmother bites you!!
* * * LOW HITPOINT WARNING * * *
A spider bursts forth from the wound!
You feel you are being watched by something.
Clouds of poison gas condense around you!
The condenser dries out!
The redback is engulfed in poison gas.
The redback is poisoned.
The redback bites you!
* * * LOW HITPOINT WARNING * * *
You feel you are being watched by something.
You feel your power leaking away.
The broodmother is engulfed in poison gas.
The broodmother looks as sick as possible!
You block the broodmother's attack.
You feel better.
The redback is engulfed in poison gas.
The redback looks even sicker.
The redback is stunned by your conviction and fails to attack.
You feel you are being watched by something.
The broodmother is engulfed in poison gas.
The broodmother looks as sick as possible!
The broodmother bites you!!
You die...

###..........#...#
###.......###....###
#.......##...##.##
##.....#.......#.# #
#......#..###..#.# #
##....#..#.#.#..## #
####..###.#.>.#..## #
#.####.#..#○°s#..##
###.## ##.#..###@§#.#
.....####.#......s###
###........#######.#
#.##.#..........###
#########.....###
#P.#.P## ####..#
#####.##..###
#####...#.......#########
######


You could see a broodmother (extremely poisoned) and a redback (summoned, very
poisoned).

Vanquished Creatures
  A ghost moth (Spider:1)
  An emperor scorpion (Spider:1)
  Louise (D:14)
  An ironbound preserver (D:14)
  A dire elephant (Lair:5)
  Snorg (D:13)
  2 ettins
  Fannar (D:10)
  3 hydras
  A merfolk avatar (Lair:5)
  4 centaur warriors
  A catoblepas (D:14)
  8 two-headed ogres
  An alligator (shapeshifter) (D:15)
  13 death yaks
  Urug (Lair:1)
  2 boulder beetles
  3 orc high priests (Orc:2)
  A deep elf knight (D:13)
  2 skysharks
  5 skeletal warriors
  A sea snake (Lair:5)
  A wizard (D:14)
  An orb spider (Spider:1)
  4 orc knights
  4 deep elf pyromancers
  A steelbarb worm (Lair:3)
  2 harpies (Lair:5)
  A lindwurm (Lair:5)
  3 manticores
  4 orc sorcerers
  5 wolf spiders
  A salamander (D:15)
  5 cyclopes
  Maurice (D:11)
  16 elephants
  9 ugly things
  5 black mambas
  2 torpor snails
  7 cane toads
  2 demonic crawlers (Lair:3)
  A kobold demonologist (D:11)
  5 rime drakes
  2 efreet
  2 yaktaurs (D:15)
  8 komodo dragons
  A meliai (Lair:3)
  7 trolls
  A wind drake (Lair:5)
  9 blink frogs
  3 polar bears
  2 tarantellas (Spider:1)
  A raiju (shapeshifter) (D:14)
  3 dream sheep (Lair:5)
  A jumping spider (Spider:1)
  6 slime creatures
  A spriggan (shapeshifter) (D:15)
  A centaur simulacrum (D:14)
  2 wraiths
  A vampire (D:10)
  A basilisk (Lair:4)
  27 yaks
  4 steam dragons
  6 vampire mosquitoes
  A redback (Spider:1)
  A warg (Orc:2)
  10 water moccasins
  An acid dragon (shapeshifter) (D:15)
  6 black bears
  17 orc warriors
  An ice beast (D:7)
  A blink frog zombie (Lair:5)
  An ogre (Orc:2)
  11 wolves
  9 centaurs
  3 kobold brigands
  8 bullfrogs
  2 scorpions
  9 wights
  9 killer bees
  4 electric eels (D:8)
  8 howler monkeys
  4 jellies
  15 orc priests
  A gnoll bouda (D:8)
  3 hounds
  2 iguanas
  3 hell rats (D:10)
  18 orc wizards
  A sickly merfolk siren (Sewer)
  Natasha (thrice) (D:4)
  A malarious merfolk avatar (Sewer)
  10 gnolls
  6 adders
  6 river rats
  2 shadow imps
  4 white imps
  2 ufetubi
  2 worms
  3 dart slugs
  60 orcs
  12 ball pythons
  A bat (D:1)
  6 endoplasms
  8 giant cockroaches
  11 goblins
  8 hobgoblins
  2 jackals (D:1)
  16 kobolds
  7 quokkas
  6 frilled lizards
  21 rats
570 creatures vanquished.

Vanquished Creatures (collateral kills)
  2 death yaks (Lair:5)
  A pharaoh ant (Spider:1)
  A harpy (Lair:5)
  An ugly thing (D:14)
  A wolf spider (Spider:1)
  A manticore (Lair:5)
  A cyclops (D:14)
  7 elephants
  2 cane toads (Lair:5)
  2 rime drakes
  2 komodo dragons
  A tarantella (Spider:1)
  10 blink frogs
  A snapping turtle (Lair:5)
  2 jumping spiders (Spider:1)
  3 culicivoras (Spider:1)
  5 slime creatures (D:15)
  3 yaks (Lair:3)
  A basilisk (Lair:5)
  A steam dragon (Lair:5)
  3 water moccasins
  2 killer bees (Lair:3)
  An orc wizard (Orc:1)
  An orc (D:11)
  A hobgoblin (D:1)
  A ball python (Sewer)
  A rat (Sewer)
58 creatures vanquished.

Vanquished Creatures (others)
  A skeletal warrior (D:14)
  An orc knight (Orc:2)
  2 wolf spider zombies (Spider:1)
  3 ugly thing zombies (D:14)
  An elephant (Lair:5)
  A komodo dragon (Lair:3)
  A redback zombie (Spider:1)
  A yaktaur (D:15)
  A meliai (shapeshifter) (D:15)
  A tarantella zombie (Spider:1)
  A blink frog (Lair:5)
  3 culicivora zombies (Spider:1)
  A dream sheep (Lair:5)
  A slime creature (D:15)
  A meliai zombie (Lair:3)
  A black mamba zombie (Lair:3)
  A wind drake zombie (Lair:5)
  4 slime creature zombies
  A cane toad zombie (Lair:5)
  A two-headed ogre zombie (Orc:1)
  A dream sheep zombie (Lair:5)
  3 elephant zombies
  5 blink frog zombies (Lair:5)
  A wolf (Lair:4)
  A centaur (D:12)
  2 komodo dragon zombies
  2 cyclops zombies
  2 water moccasin zombies
  A polar bear zombie (Lair:3)
  2 yak zombies (D:11)
  A howler monkey (D:13)
  A bullfrog zombie (Lair:4)
  An orc priest (Orc:2)
  3 orc wizards
  2 killer bee zombies (Lair:3)
  7 orc zombies
  3 orcs
66 creatures vanquished.

Grand Total: 694 creatures vanquished

Notes
Turn   | Place    | Note
-------+----------+-------------------------------------------
     0 | D:1      | dolemite99 the Demonspawn Necromancer began the quest for
                  | the Orb.
     0 | D:1      | Reached XP level 1. HP: 13/13 MP: 3/3
   376 | D:1      | Gained mutation: Your movements are slightly less
                  | encumbered by armour. (ER -2) [demonic ancestry]
   376 | D:1      | Reached XP level 2. HP: 19/19 MP: 3/5
   427 | D:1      | Reached skill level 5 in Necromancy
   531 | D:1      | Found Qytez's Distillery.
  1671 | D:2      | Reached XP level 3. HP: 24/24 MP: 2/6
  1740 | D:2      | Learned a level 3 spell: Vampiric Draining
  2399 | D:2      | Found a faded altar of an unknown god.
  2402 | D:2      | Prayed at the altar of an unknown god.
  2402 | D:2      | Became a worshipper of Ru the Awakened
  2605 | D:3      | Found a glowing drain.
  2678 | Sewer    | Entered a sewer
  2720 | Sewer    | Gained mutation: Your movements are less encumbered by
                  | armour. (ER -4) [demonic ancestry]
  2720 | Sewer    | Reached XP level 4. HP: 28/30 MP: 4/7
  3190 | Sewer    | Gained mutation: You regenerate magic rapidly. [demonic
                  | ancestry]
  3190 | Sewer    | Reached XP level 5. HP: 29/35 MP: 10/10
  4448 | D:3      | Gained mutation: Your movements are significantly less
                  | encumbered by armour. (ER -6) [demonic ancestry]
  4448 | D:3      | Reached XP level 6. HP: 19/41 MP: 7/13
  4889 | D:3      | Reached skill level 5 in Spellcasting
  5707 | D:4      | Noticed Natasha
  5715 | D:4      | Killed Natasha
  6009 | D:4      | Noticed Natasha
  6016 | D:4      | Killed Natasha
  6017 | D:4      | Reached skill level 1 in Long Blades
  6067 | D:4      | Gained mutation: You cannot study or cast Air magic. [Ru
                  | sacrifice]
  6067 | D:4      | Gained mutation: You cannot study or cast Hexes magic. [Ru
                  | sacrifice]
  6067 | D:4      | Gained mutation: You cannot study or cast Conjurations
                  | magic. [Ru sacrifice]
  6067 | D:4      | Reached * piety under Ru
  6082 | D:4      | Gained mutation: When hurt, damage is shared between your
                  | health and your magic reserves. [demonic ancestry]
  6082 | D:4      | Reached XP level 7. HP: 46/46 MP: 15/15
  6223 | D:4      | Noticed Natasha
  6231 | D:4      | Killed Natasha
  6270 | D:5      | Entered Level 5 of the Dungeon
  7328 | D:5      | Found a snail-covered altar of Cheibriados.
  8274 | D:6      | Reached skill level 5 in Long Blades
  8589 | D:6      | Gained mutation: You may rarely emit foul miasma when
                  | damaged in melee. [demonic ancestry]
  8589 | D:6      | Reached XP level 8. HP: 52/52 MP: 16/16
  9078 | D:6      | Reached skill level 1 in Shields
  9430 | D:6      | Found a staircase to the Ecumenical Temple.
  9502 | D:6      | Found a burning altar of Makhleb.
  9505 | D:6      | Found a radiant altar of Vehumet.
  9506 | D:6      | Found a shimmering blue altar of Sif Muna.
  9506 | D:6      | Found a sacrificial altar of Ru.
  9751 | D:6      | Found a blossoming altar of Fedhas.
  9751 | D:6      | Found a hide-covered altar of Uskayaw.
 10189 | D:7      | Learned a level 4 spell: Animate Dead
 10302 | D:7      | Learned a level 2 spell: Wereblood
 10501 | D:7      | Identified the +5 ring mail of Uskayaw's Regard {+Inv}
 10615 | D:7      | Gained mutation: You sometimes emit foul miasma when
                  | damaged in melee. [demonic ancestry]
 10615 | D:7      | Reached XP level 9. HP: 57/57 MP: 17/17
 11793 | D:8      | Noticed a polar bear
 12487 | D:8      | Killed a polar bear
 12701 | D:8      | Reached skill level 5 in Evocations
 12895 | D:8      | Noticed a polar bear
 13170 | D:8      | Noticed a two-headed ogre
 13180 | D:8      | Killed a two-headed ogre
 13181 | D:8      | Reached XP level 10. HP: 55/63 MP: 15/18
 13725 | D:8      | Reached skill level 1 in Fighting
 14907 | D:8      | Reached skill level 5 in Fighting
 15820 | D:10     | Entered Level 10 of the Dungeon
 15845 | D:10     | Found a staircase to the Orcish Mines.
 16352 | D:10     | Found Itujueg's Weapon Shoppe.
 16359 | D:10     | Bought a +2 scimitar of electrocution for 286 gold pieces
 16392 | D:10     | Found an opulent altar of Gozag.
 16393 | D:10     | Found an opulent altar of Gozag.
 16398 | D:10     | Found an opulent altar of Gozag.
 16406 | D:10     | Found an opulent altar of Gozag.
 16477 | D:10     | Noticed a death yak
 16535 | D:9      | Killed a death yak
 16955 | D:9      | Gained mutation: You are clumsy. (Dex -2) [Ru sacrifice]
 17014 | D:10     | Found a staircase to the Lair.
 17036 | D:10     | Noticed a death yak
 17037 | D:10     | Noticed a death yak
 17058 | D:10     | Killed a death yak
 17088 | D:10     | Killed a death yak
 17089 | D:10     | Gained mutation: Your touch may inflict minor irresistible
                  | damage on your foes. [demonic ancestry]
 17089 | D:10     | Reached XP level 11. HP: 35/87 MP: 3/19
 17501 | D:10     | Noticed Fannar
 17547 | D:10     | Killed Fannar
 17848 | D:10     | Noticed a two-headed ogre
 17854 | D:10     | Killed a two-headed ogre
 18502 | Lair:1   | Entered Level 1 of the Lair of Beasts
 18780 | D:1      | Bought a potion of heal wounds for 55 gold pieces
 18780 | D:1      | Bought a potion of curing for 33 gold pieces
 18780 | D:1      | Bought a potion of curing for 33 gold pieces
 18780 | D:1      | Bought a potion of curing for 33 gold pieces
 18780 | D:1      | Bought a potion of curing for 33 gold pieces
 19067 | Lair:1   | Reached skill level 5 in Dodging
 19387 | Lair:1   | Learned a level 2 spell: Sublimation of Blood
 19413 | Lair:1   | Noticed Urug
 19427 | Lair:1   | Killed Urug
 19767 | Lair:1   | Identified the +4 flail "Ecay" {heavy, rPois rF+ rC+}
 19888 | Lair:1   | Reached skill level 1 in Throwing
 20716 | Lair:2   | Reached skill level 5 in Throwing
 20918 | Lair:2   | Found a staircase to the Shoals.
 20998 | Lair:2   | Gained mutation: You are somewhat unskilled. (-1 Apt) [Ru
                  | sacrifice]
 20998 | Lair:2   | Reached ** piety under Ru
 21640 | Lair:3   | Gained mutation: Your touch may inflict irresistible damage
                  | on your foes. [demonic ancestry]
 21640 | Lair:3   | Reached XP level 12. HP: 66/93 MP: 1/19
 21836 | Lair:3   | Reached skill level 1 in Transmutations
 21868 | Lair:3   | Found the +5 scythe "Finisher" {speed, execute}
 21893 | Lair:3   | Noticed a seven-headed hydra
 21918 | Lair:3   | Killed a seven-headed hydra
 22706 | Lair:3   | Reached skill level 5 in Transmutations
 23608 | Lair:3   | Found a hole to the Spider Nest.
 24148 | Lair:4   | Noticed a death yak
 24153 | Lair:4   | Noticed a death yak
 24155 | Lair:4   | Noticed a death yak
 24272 | Lair:4   | Reached skill level 10 in Fighting
 24780 | Lair:4   | Killed a death yak
 24789 | Lair:4   | Killed a death yak
 25233 | Lair:4   | Noticed a death yak
 25233 | Lair:4   | Noticed a death yak
 25234 | Lair:4   | Noticed a death yak
 25263 | Lair:4   | Killed a death yak
 25264 | Lair:4   | Reached skill level 1 in Armour
 25269 | Lair:4   | Killed a death yak
 25270 | Lair:4   | Reached XP level 13. HP: 66/106 MP: 1/20
 25790 | Lair:4   | Gained mutation: You are somewhat inexperienced. (-1 XL)
                  | [Ru sacrifice]
 25790 | Lair:4   | Reached XP level 12. HP: 100/100 MP: 18/19
 25790 | Lair:4   | Reached *** piety under Ru
 25790 | Lair:4   | Reached **** piety under Ru
 26603 | Lair:4   | Found a viscous altar of Jiyva.
 26655 | Lair:5   | Entered Level 5 of the Lair of Beasts
 26766 | Lair:5   | Noticed Jackthecabe's ghost (journeyman MeEE)
 26768 | Lair:5   | Found a runed translucent gate.
 26769 | Lair:5   | Found a runed translucent gate.
 27193 | Lair:4   | Reached skill level 5 in Armour
 27868 | Orc:1    | Entered Level 1 of the Orcish Mines
 28098 | Orc:1    | Noticed an ettin
 28117 | Orc:1    | Killed an ettin
 28980 | Orc:2    | Entered Level 2 of the Orcish Mines
 29770 | Orc:2    | Noticed an ettin
 29786 | Orc:2    | Killed an ettin
 31154 | Orc:2    | Found a staircase to the Elven Halls.
 32552 | Orc:2    | Gained mutation: You occasionally shout uncontrollably at
                  | your foes. [a neqoxec]
 32943 | Orc:2    | Found Quapsa's Armour Boutique.
 32943 | Orc:2    | Found Waeh's Book Emporium.
 32945 | Orc:2    | Found Cunang's Antique Armour Boutique.
 32945 | Orc:2    | Found Nijymoun's Book Emporium.
 32961 | Orc:2    | Bought a smouldering hat for 324 gold pieces
 32961 | Orc:2    | Identified the +2 hat of the Baker {Rampage rCorr Stlth+}
                  | (You bought it in a shop on level 2 of the Orcish Mines)
 32974 | Orc:2    | Bought a book of Callings for 340 gold pieces
 32979 | Orc:2    | Learned a level 3 spell: Call Canine Familiar
 32987 | Orc:2    | Bought a shiny ring mail for 252 gold pieces
 33016 | Orc:2    | Identified a scroll of acquirement
 33017 | Orc:2    | Acquired a +4 demon blade of venom
 34108 | D:11     | Noticed Maurice
 34119 | D:11     | Killed Maurice
 34509 | D:12     | Reached XP level 13. HP: 92/106 MP: 14/20
 34856 | D:12     | You fall into a shaft and drop 2 floors!
 34986 | D:13     | Noticed Snorg
 35010 | D:13     | Killed Snorg
 35368 | D:13     | Found a broken altar of Ashenzari.
 38181 | D:14     | Noticed Roxanne
 38428 | D:14     | Reached skill level 10 in Long Blades
 38997 | D:14     | Noticed an ironbound preserver
 39063 | D:14     | Killed an ironbound preserver
 39224 | D:14     | Found a gate to the Vaults.
 39716 | D:14     | Noticed Louise
 40314 | D:14     | Gained mutation: You are inexperienced. (-2 XL) [Ru
                  | sacrifice]
 40314 | D:14     | Reached XP level 12. HP: 100/100 MP: 19/19
 40314 | D:14     | Reached ***** piety under Ru
 40314 | D:14     | Reached ****** piety under Ru
 40381 | D:14     | Killed Louise
 40826 | D:14     | Learned a level 5 spell: Borgnjor's Vile Clutch
 41191 | Lair:5   | Reached skill level 1 in Earth Magic
 42182 | Lair:5   | Reached XP level 13. HP: 90/106 MP: 3/20
 42380 | Lair:5   | Reached skill level 5 in Earth Magic
 42781 | Lair:5   | Found a runed translucent gate.
 44128 | Lair:5   | Identified the ring of Paikohum {*Slow Will+ MP+9 SInv}
 44140 | Lair:5   | Identified the +0 chain mail "Besaeh" {Harm rF- Int+3}
 44709 | Orc:2    | Bought a book of Minor Magic for 306 gold pieces
 46403 | D:15     | Entered Level 15 of the Dungeon
 47259 | D:14     | Acquired an amulet of reflection
 47826 | D:15     | Found a staircase to the Depths.
 49425 | Spider:1 | Entered Level 1 of the Spider Nest
 49433 | Spider:1 | Found a runed translucent door.
 50846 | Spider:1 | Acquired the staff of death "Woiqoop" {rN+ Will+}
 50859 | Spider:1 | Noticed an emperor scorpion
 50885 | Spider:1 | Killed an emperor scorpion
 51459 | Lair:3   | Mangled by a broodmother

Illustrated notes

Levels and vault maps discovered:
D:1:      minmay_arrival_three_doors, layout_basic, serial_shops,
          nicolae_shop_industrial_runoff
D:2:      layout_loops_ring, hellmonk_ecumenical_altar_inner_sanctum
D:3:      layout_basic, gup_sewer_entry_bowl
D:4:      layout_loops_cross, serial_bayou_lake_a, uniq_natasha
D:5:      layout_basic, slow_altar_2
D:6:      layout_loops_ring, gammafunk_temple_overflow_elements,
          grunt_temple_overflow_open, minmay_temple_entry_statues_pillars
D:7:      layout_basic, minivault_11
D:8:      layout_loops_corners, nicolae_elyvilon_temple_path, serial_ice,
          serial_ice_o, serial_ice_n, serial_ice_i, serial_ice_d, enter_bailey_5
D:9:      layout_small_grid
D:10:     layout_roguey, nicolae_gozag_conspicuous_consumption,
          dpeg_lair_monsters, serial_shops, shop, uniq_fannar
D:11:     layout_irregular_city, nicolae_elevator_lobby_asterisk, uniq_maurice
D:12:     layout_irregular_city, minmay_misc_feat_tower,
          amcnicky_mini_rare_corridor_liquid, minmay_starry_boxes
D:13:     layout_long_grid, ashenzari_altar_1, uniq_snorg
D:14:     layout_small_grid, skrybe_vaults_entry_preservation, nicolae_sextant,
          uniq_roxanne, uniq_louise
D:15:     hangedman_depths_entry_try_elsewhere_first, layout_gridville,
          grunt_decor_one_mirror
Lair:1:   layout_layer_cave, grunt_forest_small_clearings, lemuel_old_faithful,
          lemuel_fruit_tree, serial_bayou_shore_b, uniq_urug
Lair:2:   layout_cave_pods, minmay_shoals_entry_centaurs
Lair:3:   layout_cave_pods, hellmonk_spider_entry_not_the_bees
Lair:4:   layout_concentric_octagons, minmay_slime_entry_oklob_enclosed,
          nicolae_lair_run_with_the_wolves
Lair:5:   gammafunk_lair_ancient_temple, layout_cave_pods,
          gammafunk_ghost_split, minivault_25
Spider:1: layout_spider_delve, ebering_ghost_inner_flame,
          hangedman_spider_mandibles
Orc:1:    layout_diamond_mine, uniq_sonja
Orc:2:    grunt_orc_tribal_feast, layout_caves

Skill      XL: |  1  2  3  4  5  6  7  8  9 10 11 12 13 |
---------------+----------------------------------------+-----
Necromancy     | 5 6 7 9 |  9.0
Spellcasting   | 3 4 5 7 |  7.0
Long Blades    | 1 5 6 7 6 7 11 | 11.3
Shields        | 4 3 |  3.8
Evocations     | 6 7 6 |  6.7
Fighting       | 8 8 11 | 11.0
Dodging        | 5 7 |  7.0
Throwing       | 5 6 |  6.8
Transmutations | 5 |  5.5
Armour         | 7 2 |  7.0
Stealth        | 3 |  3.4
Earth Magic    | 4 6 |  6.9

Action                     |  1- 3 |  4- 6 |  7- 9 | 10-12 | 13-15 || total
---------------------------+-------+-------+-------+-------+-------++-------
  Melee: Unarmed           |     4 |       |       |       |       ||     4
         Dagger            |    10 |       |       |       |       ||    10
         Long sword        |    19 |    80 |   135 |       |       ||   234
         Punch             |       |     2 |       |       |       ||     2
         Scimitar          |       |       |   102 |   563 |    66 ||   731
         Demon blade       |       |       |       |   148 |   443 ||   591
  Throw: Boomerang         |       |       |       |   238 |    99 ||   337
         Dart              |       |       |       |     9 |    24 ||    33
         Javelin           |       |       |       |     1 |       ||     1
   Cast: Necrotise         |    67 |    65 |   104 |   184 |       ||   420
         Vampiric Draining |       |    29 |    67 |   201 |    90 ||   387
         Animate Dead      |       |       |     1 |    24 |    14 ||    39
         Wereblood         |       |       |       |    18 |    23 ||    41
         Sublimation of Bl |       |       |       |     1 |     1 ||     2
         Call Canine Famil |       |       |       |     1 |     1 ||     2
         Borgnjor's Vile C |       |       |       |       |    13 ||    13
 Invoke: Reject Sacrifices |     1 |       |     1 |       |       ||     2
         Sacrifice Arcana  |       |     1 |       |       |       ||     1
         Sacrifice Purity  |       |       |       |     1 |       ||     1
         Sacrifice Skill   |       |       |       |     1 |       ||     1
         Power Leap        |       |       |       |     3 |     8 ||    11
         Draw Out Power    |       |       |       |     2 |     5 ||     7
         Sacrifice Experie |       |       |       |     2 |       ||     2
         Apocalypse        |       |       |       |     1 |     3 ||     4
  Evoke: Wand              |       |       |     4 |    24 |    43 ||    71
         Condenser vane    |       |       |       |     6 |     3 ||     9
         Phial of floods   |       |       |       |       |     1 ||     1
    Use: Potion            |       |     1 |    10 |     8 |    23 ||    42
         Scroll            |       |       |    20 |    17 |    14 ||    51
   Stab: Sleeping          |       |     1 |     2 |     3 |     1 ||     7
         Paralysed         |       |       |     1 |    10 |    11 ||    22
         Distracted        |       |       |       |     6 |     4 ||    10
         Invisible         |       |       |       |     4 |     7 ||    11
         Confused          |       |       |       |     2 |       ||     2
 Armour: Robe              |     9 |    17 |       |       |       ||    26
         Ring mail         |       |    10 |   121 |   302 |   168 ||   601
         Skin              |       |       |       |       |     5 ||     5
  Dodge: Dodged            |    42 |   119 |   210 |   662 |   356 ||  1389
  Block: Buckler           |       |     3 |   137 |   399 |   217 ||   756
         Reflection        |       |       |       |       |     2 ||     2
